 Dungeon Crawl Stone Soup version 0.19.5 (webtiles) character file.

577 IcySystem the Covert (level 7, -22/32 HPs)
             Began as a Spriggan Enchanter on May 24, 2017.
             Killed from afar by a hound (54 damage)
             ... with an exploding inner flame
             ... hexed by the player character
             ... on level 4 of the Dungeon.
             The game lasted 00:19:03 (5185 turns).

IcySystem the Covert (Spriggan Enchanter)           Turns: 5185, Time: 00:19:03

Health: -22/32     AC:  4    Str:  4    XL:     7   Next: 13%
Magic:  10/14      EV: 18    Int: 16    God:
Gold:   129        SH:  0    Dex: 19    Spells: 3 memorised, 8 levels left

rFire  . . .     SeeInvis +     a - +2 dagger
rCold  + . .     Gourm    .     f - +2 robe {rC+}
rNeg   + . .     Faith    .     (shield restricted)
rPois  .         Spirit   .     (helmet restricted)
rElec  .         Reflect  .     (no cloak)
rCorr  .         Harm     .     (gloves unavailable)
MR     +....                    (boots unavailable)
Stlth  +++++.....               (no amulet)
                                (no ring)
                                t - ring of positive energy

@: very slightly contaminated, very quick
A: unfitting armour, see invisible, herbivore 3, speed 3, slow metabolism 2
a: no special abilities


You were on level 4 of the Dungeon.
You were hungry.

You visited 1 branch of the dungeon, and saw 4 of its levels.

You collected 129 gold pieces.

Inventory:

Hand Weapons
 a - a +2 dagger (weapon)
 o - a +0 hunting sling
Missiles
 h - 73 sling bullets
Armour
 f - a +2 robe of cold resistance (worn)
Jewellery
 t - a ring of positive energy (left hand)
Scrolls
 d - a scroll of random uselessness
 e - a scroll of remove curse
 r - 2 scrolls of identify
Potions
 g - a potion of lignification
 j - 3 potions of flight {unknown}
 k - 2 potions of agility {unknown}
 l - a potion of haste
 n - 2 potions of heal wounds {unknown}
 p - a potion of might {unknown}
 s - 2 potions of curing {unknown}
Books
 c - a book of Maledictions

   Spells                             Type                      Level
   a - Corona                         Hexes                        1
   b - Ensorcelled Hibernation        Hexes/Ice                    2
   c - Confuse                        Hexes                        3
   d - Tukima's Dance                 Hexes                        3
   e - Dazzling Spray                 Conjuration/Hexes            3
Comestibles
 b - 3 bread rations
 m - a slice of pizza


   Skills:
 - Level 1.1 Short Blades
 - Level 3.0 Dodging
 - Level 10.9 Stealth
 + Level 4.3 Spellcasting
 + Level 4.8 Hexes


You had 8 spell levels left.
You knew the following spells:

 Your Spells              Type           Power        Failure   Level  Hunger
a - Corona                Hex            ###....      2%          1    None
b - Ensorcelled Hibernat  Hex/Ice        ##....       10%         2    ##.....
c - Confuse               Hex            ###.....     10%         3    ###....


Dungeon Overview and Level Annotations

Branches:
Dungeon (4/15)
 Temple: D:4-7

Altars:
Kikubaaqudgha
Ru


Innate Abilities, Weirdness & Mutations

You are very small and have problems with some larger weapons.
You are too small for most types of armour.
You have supernaturally acute eyesight. (SInv)
You are a herbivore.
You cover ground extremely quickly.
You need consume almost no food.


Message History

Casting: Ensorcelled Hibernation
Confirm with . or Enter, or press ? or * to list all spells.
Aiming: Ensorcelled Hibernation
Press: ? - help, Shift-Dir - straight line, f - hound
Aim: a hound (inner flame, chance to defeat MR: 50%)
You miscast Ensorcelled Hibernation.
You are very lightly contaminated with residual magic.
The light around you dims momentarily. The hound completely misses you.
Casting: Ensorcelled Hibernation
Confirm with . or Enter, or press ? or * to list all spells.
Aiming: Ensorcelled Hibernation
Press: ? - help, Shift-Dir - straight line, f/p - hound
Aim: a hound (inner flame, chance to defeat MR: 50%)
The hound looks drowsy...
The helpless hound fails to defend itself.
You stick the hound like a pincushion!!!
The hound explodes!
The fiery explosion engulfs you!
Ouch! That really hurt!
You die...

..#........ #.
.........##..
............
$..........
###
#..l.......
..###.§§§....#
+.#.$§§.....#
#....§@§....#
##............
#.!......!...
#...#...$..##
##...###...##
#.........##
##........#
#.######..
..######.# ..


You could see a leopard gecko.

Vanquished Creatures
  Sigmund (D:2)
  A centaur (D:3)
  2 vampire bats (D:3)
  2 orc wizards (D:3)
  Ijyb (D:2)
  Natasha (thrice) (D:2)
  2 adders
  An ooze (D:3)
  2 worms (D:2)
  2 dart slugs
  4 leopard geckos
  7 orcs (D:3)
  5 giant cockroaches
  5 goblins
  11 hobgoblins
  8 jackals
  3 quokkas (D:2)
  A ball python (D:2)
  13 bats
  5 frilled lizards
  7 kobolds
  9 rats
95 creatures vanquished.

Notes
Turn   | Place    | Note
-------+----------+-------------------------------------------
     0 | D:1      | IcySystem the Spriggan Enchanter began the quest for the Orb.
     0 | D:1      | Reached XP level 1. HP: 9/9 MP: 5/5
   297 | D:1      | Reached skill level 5 in Stealth
   336 | D:1      | Reached XP level 2. HP: 10/13 MP: 6/6
   501 | D:1      | Learned a level 2 spell: Ensorcelled Hibernation
   733 | D:1      | Reached skill level 6 in Stealth
  1354 | D:1      | Reached XP level 3. HP: 16/16 MP: 8/8
  1947 | D:2      | Reached skill level 7 in Stealth
  2612 | D:2      | Noticed Sigmund
  2630 | D:2      | Learned a level 3 spell: Confuse
  2663 | D:2      | Noticed Ijyb
  2687 | D:2      | Noticed Natasha
  2957 | D:2      | Killed Natasha
  2957 | D:2      | Reached XP level 4. HP: 9/21 MP: 6/9
  3154 | D:2      | Reached skill level 8 in Stealth
  3324 | D:2      | Killed Ijyb
  3345 | D:2      | Noticed Natasha
  3424 | D:2      | Killed Natasha
  3424 | D:2      | Reached XP level 5. HP: 24/24 MP: 3/10
  3470 | D:2      | Noticed Natasha
  3478 | D:2      | Killed Natasha
  3478 | D:2      | Reached skill level 9 in Stealth
  3534 | D:2      | Killed Sigmund
  3534 | D:2      | Reached skill level 10 in Stealth
  3534 | D:2      | Reached XP level 6. HP: 28/28 MP: 7/11
  4500 | D:3      | Found an ancient bone altar of Kikubaaqudgha.
  4500 | D:3      | Found a sacrificial altar of Ru.
  4532 | D:3      | Reached XP level 7. HP: 31/32 MP: 6/14
  5185 | D:4      | Killed from afar by a hound

Skill      XL: |  1  2  3  4  5  6 |
---------------+-------------------+-----
Stealth        | 5 6 7 8 10 | 10.9
Spellcasting   | 4 |  4.3
Hexes          | 4 |  4.8
Short Blades   | |  1.1
Dodging        | |  3.0

Action                   |  1- 3 |  4- 6 |  7- 9 || total
-------------------------+-------+-------+-------++-------
Melee: Dagger            |   214 |    92 |    44 ||   350
 Cast: Ensorcelled Hiber |    13 |    25 |     6 ||    44
       Confuse           |     4 |     8 |     3 ||    15
  Use: Scroll            |     6 |       |     4 ||    10
       Potion            |     1 |       |       ||     1
 Stab: Sleeping          |    28 |    21 |    11 ||    60
       Confused          |     1 |     5 |       ||     6
       Distracted        |     1 |     1 |       ||     2
  Eat: Bread ration      |     1 |       |       ||     1
Armor: Robe              |    23 |     3 |    11 ||    37
       Skin              |    43 |       |       ||    43
Dodge: Dodged            |   166 |    63 |    43 ||   272
